 Dungeon Crawl Stone Soup version 0.22-a0-185-ge330310 (webtiles) character file.

27 MatthieuS the Grave Robber (level 3, -7/20 HPs)
             Began as a Tengu Necromancer on Feb 15, 2018.
             Killed by nerve-wracking pain
             ... invoked by Jessica
              (10 damage)
             ... on level 2 of the Dungeon.
             The game lasted 00:02:37 (1579 turns).

MatthieuS the Grave Robber (Tengu Necromancer)      Turns: 1579, Time: 00:02:38

Health: -7/20      AC:  3    Str:  8    XL:     3   Next: 10%
Magic:  2/7        EV: 12    Int: 16    God:
Gold:   84         SH:  0    Dex: 14    Spells: 4/6 levels left

rFire    . . .     SeeInvis .   (no weapon)
rCold    . . .     Gourm    .   (no shield)
rNeg     . . .     Faith    .   e - +0 leather armour
rPois    .         Spirit   .   (helmet restricted)
rElec    .         Reflect  .   (no cloak)
rCorr    .         Harm     .   (no gloves)
MR       .....                  (boots unavailable)
Stlth    ++........             (no amulet)
HPRegen  0.06/turn              (no ring)
MPRegen  0.10/turn              (no ring)

@: very slightly contaminated
A: beak, talons 3
a: no special abilities


You were on level 2 of the Dungeon.
You were not hungry.

You visited 1 branch of the dungeon, and saw 2 of its levels.

You collected 84 gold pieces.

Inventory:

Missiles
 j - 54 arrows
Armour
 a - a +0 robe
 e - a +0 leather armour (worn)
Scrolls
 f - 3 scrolls of teleportation {unknown}
 g - a scroll of fear {unknown}
 h - 3 scrolls of identify {unknown}
 i - a scroll of random uselessness {unknown}
Potions
 d - a potion of haste {unknown}
Books
 b - a book of Necromancy

   Spells                             Type                      Level
   a - Pain                           Necromancy                   1
   b - Animate Skeleton               Necromancy                   1
   c - Vampiric Draining              Necromancy                   3
   d - Regeneration                   Charms/Necromancy            3
   e - Animate Dead                   Necromancy                   4
Comestibles
 c - 3 rations
 k - 3 chunks of flesh


   Skills:
 + Level 1.0 Fighting
 + Level 2.5 Dodging
 + Level 2.4 Stealth
 + Level 2.2 Spellcasting
 + Level 4.6 Necromancy


You had 4 spell levels left.
You knew the following spells:

 Your Spells              Type           Power        Failure   Level  Hunger
a - Pain                  Necr           ###.         4%          1    #......
b - Animate Skeleton      Necr           N/A          4%          1    #......


Dungeon Overview and Level Annotations

Branches:
Dungeon (2/15)

Altars:

Annotations:
D:2 Jessica, Terence


Innate Abilities, Weirdness & Mutations

You have a beak for a mouth.
You have claws for feet.


Message History

Press: ? - help, Shift-Dir - straight line, f/p - Jessica
Aim: Jessica, wielding a dagger of venom, wearing a robe and carrying a wand of flame (11) (severely wounded, chance to defeat MR: 81%) Jessica barely resists.
Casting: Pain (safe; 4% risk of failure)
Confirm with . or Enter, or press ? or * to list all spells.
Aiming: Pain (safe; 4% risk of failure)
Press: ? - help, Shift-Dir - straight line, f/p - Jessica
Aim: Jessica, wielding a dagger of venom, wearing a robe and carrying a wand of flame (11) (severely wounded, chance to defeat MR: 81%) Jessica barely resists.
Jessica zaps a wand.
The puff of flame hits you!
* * * LOW HITPOINT WARNING * * *
Casting: Pain (safe; 4% risk of failure)
Confirm with . or Enter, or press ? or * to list all spells.
Aiming: Pain (safe; 4% risk of failure)
Press: ? - help, Shift-Dir - straight line, f/p - Jessica
Aim: Jessica, wielding a dagger of venom, wearing a robe and carrying a wand of flame (10) (severely wounded, chance to defeat MR: 81%) Jessica writhes in agony!
Jessica hits you but does no damage. Jessica gestures at you while chanting.
Pain shoots through your body!
Ouch! That really hurt!
You die...

.##..
#.#...###.....
.#..###...# #.....
...##....## ##....
..# #.Z..# #....
#. #....# #....
######. #....#
##... .......
#....#### #...
#......####......#
###
#.....@.@Z.......#
#......#########.#
#...... .# #....$.
# #.....% #######


You could see Jessica and a friendly kobold skeleton.

Vanquished Creatures
  An ooze (D:1)
  A worm (D:2)
  A dart slug (D:1)
  A giant cockroach (D:2)
  2 hobgoblins (D:1)
  A quokka (D:2)
  4 bats
  2 frilled lizards (D:2)
  2 goblins
  3 kobolds
  A rat (D:1)
19 creatures vanquished.

Notes
Turn   | Place    | Note
-------+----------+-------------------------------------------
     0 | D:1      | MatthieuS the Tengu Necromancer began the quest for the Orb.
     0 | D:1      | Reached XP level 1. HP: 10/10 MP: 4/4
   317 | D:1      | Reached XP level 2. HP: 15/16 MP: 3/6
   325 | D:1      | Learned a level 1 spell: Animate Skeleton
  1367 | D:2      | Reached XP level 3. HP: 17/20 MP: 3/7
  1474 | D:2      | Reached skill level 1 in Fighting
  1551 | D:2      | Noticed Terence
  1571 | D:2      | Noticed Jessica
  1579 | D:2      | Killed from afar by Jessica

Vault maps used:
D:1:      minmay_arrival_hallway
D:2:      vehumet_crystals, first_ration, serial_corexii_hall,
          corexii_hall_statues_x, corexii_hall_statues_u,
          corexii_hall_statues_x, corexii_hall_statues_u, uniq_jessica,
          uniq_terence

Skill      XL: |  1  2  3 |
---------------+----------+-----
Fighting       | 1 |  1.0
Dodging        | |  2.5
Stealth        | |  2.4
Spellcasting   | |  2.2
Necromancy     | |  4.6

Action                   || total
-------------------------++-------
Melee: Unarmed           ||     6
       Kick              ||     1
 Cast: Pain              ||    44
       Animate Skeleton  ||     3
  Eat: Chunk             ||     3
Armor: Leather armour    ||     7
Dodge: Dodged            ||    14

Table legend:
 A = Spawn XP
 B = Non-spawn XP
 C = Spawn XP percentage of total XP
 D = Spawn monster count
 E = Non-spawn monster count
 F = Spawn count percentage of total count
 G = Total turns spent on level
                    A         B        C        D         E        F      G
               +---------+---------+-------+---------+---------+-------+---------
         Total |       0 |      39 |   0.0 |       0 |      19 |   0.0 |  1579
               +---------+---------+-------+---------+---------+-------+---------
           D:1 |       0 |      21 |   0.0 |       0 |      10 |   0.0 |  1120
           D:2 |       0 |      18 |   0.0 |       0 |       9 |   0.0 |   459
               +---------+---------+-------+---------+---------+-------+---------
